 Dungeon Crawl Stone Soup version 0.31-a0-133-gaae73658be (webtiles) character file.

Game seed: 8007661448893176622

2028 Jackthecabe the Fighter (level 9, 0/59 HPs)
             Began as a Kobold Artificer on June 2, 2023.
             Was a Believer of Uskayaw.
             Slain by a sleepcap (19 damage)
             ... on level 8 of the Dungeon.
             The game lasted 00:17:23 (9256 turns).

Jackthecabe the Fighter (Kobold Artificer)          Turns: 9256, Time: 00:17:24

Health: 0/59       AC:  7    Str: 14    XL:     9   Next: 47%
Magic:  13/13      EV:  3    Int: 10    God:    Uskayaw [**....]
Gold:   0          SH:  0    Dex: 25    Spells: 8/8 levels left

rFire   . . .        v - +3 short sword
rCold   . . .        (no shield)
rNeg    . . .        t - +0 ring mail
rPois   .            p - +0 helmet
rElec   .            D - +0 cloak
rCorr   .            (no gloves)
SInv    .            (no boots)
Will    .....        y - amulet of faith {!P}
Stlth   +++++        S - +6 ring of strength
HPRegen 0.29/turn    (no ring)
MPRegen 0.13/turn

%: faith
@: sleeping
A: small, no large weapons, nightstalker 3, thin skeletal structure 1, agile 1,
dopey 1
a: Renounce Religion, Stomp, Line Pass


You were on level 8 of the Dungeon.
You worshipped Uskayaw.
Uskayaw was noncommittal.
You visited 2 branches of the dungeon, and saw 9 of its levels.


Innate Abilities, Weirdness & Mutations

You are small and have problems with some larger weapons.
You are completely attuned to the shadows.
You have a somewhat thin skeletal structure. (Dex +2, Stealth+)
You are agile. (Dex +4, Str/Int -1)
You are dopey. (Int -2)


   Skills:
 - Level 8.0 Fighting
 - Level 6.0 Short Blades
 - Level 0.7 Armour
 - Level 2.4 Dodging
 - Level 6.0 Stealth
 + Level 6.0 Invocations
 - Level 6.0 Evocations


You had 8 spell levels left.
You didn't know any spells.
Your spell library contained the following spells:

 Spells                   Type           Power      Damage    Failure   Level
 Ensorcelled Hibernation  Hex/Ice        0%         N/A       75%         2
 Lesser Beckoning         Tloc           0%         N/A       75%         2
 Passwall                 Tmut/Erth      0%         N/A       75%         2
 Scorch                   Fire           0%         2d5       75%         2
 Call Canine Familiar     Summ           0%         N/A       93%         3
 Gell's Gravitas          Tloc           0%         N/A       93%         3
 Portal Projectile        Hex/Tloc       0%         N/A       93%         3
 Swiftness                Air            0%         N/A       93%         3
 Teleport Other           Tloc           0%         N/A       93%         3
 Tukima's Dance           Hex            0%         N/A       93%         3
 Flame Wave               Conj/Fire      0%         2d4       100%        4
 Leda's Liquefaction      Hex/Erth       0%         N/A       100%        4
 Manifold Assault         Tloc           0%         N/A       100%        4
 Blade Hands              Tmut           0%         N/A       100%        5
 Dispersal                Tloc           0%         N/A       100%        6
 Summon Cactus Giant      Summ           0%         N/A       100%        6
 Disjunction              Tloc           0%         N/A       100%        8

Inventory:

Hand Weapons
 v - a +3 short sword (weapon)
Missiles
 a - an atropa-tipped dart
Armour
 b - a +0 leather armour
 p - a +0 helmet (worn)
 t - a +0 ring mail (worn)
 D - a +0 cloak (worn)
Jewellery
 y - an amulet of faith (around neck) {!P}
 S - a +6 ring of strength (left hand)
Wands
 c - a wand of flame (28) (quivered)
 d - a wand of charming (14)
 e - a wand of iceblast (3)
Scrolls
 h - 4 scrolls of identify {@r1}
 m - 2 scrolls of teleportation {unknown}
 n - 3 scrolls of noise {unknown}
 o - a scroll of enchant armour
 q - a scroll of blinking
 z - a scroll of magic mapping {unknown}
 A - a scroll of summoning {unknown}
 B - 2 scrolls of enchant weapon {unknown}
Potions
 f - 2 potions of haste {unknown}
 g - 3 potions of curing {@q1}
 j - a potion of might {unknown}
 k - a potion of invisibility
 l - 2 potions of attraction {unknown}
 r - 3 potions of mutation
 s - 2 potions of enlightenment {unknown}
 u - 2 potions of lignification {unknown}
 x - a potion of ambrosia {unknown}
 E - a potion of berserk rage {unknown}

Dungeon Overview and Level Annotations

Branches:
Dungeon (8/15)             Temple (1/1) D:5
   Lair: D:8-11

Altars:
Ashenzari
Cheibriados
Dithmenos
Fedhas
Gozag
Hepliaklqana
Kikubaaqudgha
Makhleb
Qazlal
Ru
Trog
Uskayaw
Vehumet
Wu Jian
Xom
Zin
The Shining One

Annotations:
D:2 1 exclusion, Terence
D:3 3 runed translucent doors
D:5 exclusion: 2 gnolls, Edmund, Pikel
D:6 exclusions: 2 gnolls and gnoll bouda
D:7 Dowan, Duvessa

#.......... #...........
#........... #..........
#........#.....
##.###..##.....
#...####.#.....
#..##....#..... ........▒
#...##....@f............▒
##.......................▒▒▒
..#...........................
..#...............))o.......#.
...##.............)....#....##
.......... .....o.###..##.
........... .......####..##
........... ........##...##
....#...##. ...##.......##


You could see a sleepcap.


Message History

You fall asleep.
The sleepcap barely misses you. The sleepcap releases spores at you!!
You wake up.
* * * LOW HITPOINT WARNING * * *
Unknown command.
You are too injured to fight recklessly!
You are too injured to fight recklessly!
You are too injured to fight recklessly!
You are too injured to fight recklessly!
You are too injured to fight recklessly!
You puncture the sleepcap!
The sleepcap is heavily damaged.
The sleepcap releases spores at you but does no damage.
You can now pass through a line of other dancers.
You hit the sleepcap.
The sleepcap is severely damaged.
The sleepcap releases spores at you but does no damage.
You hit the sleepcap.
The sleepcap is almost destroyed.
You hit the sleepcap but do no damage.
The sleepcap is almost destroyed.
The sleepcap misses you.
You hit the sleepcap but do no damage.
The sleepcap is almost destroyed.
The sleepcap releases spores at you.
* * * LOW HITPOINT WARNING * * *
You are engulfed in a cloud of soporific spores!
You fall asleep.
The sleepcap releases spores at you!!
You die...

Skill      XL: |  1  2  3  4  5  6  7  8  9 |
---------------+----------------------------+-----
Stealth        | 2 3 4 6 |  6.0
Fighting       | 2 3 4 5 6 8 |  8.0
Short Blades   | 1 3 4 5 6 |  6.0
Evocations     | 6 |  6.0
Invocations    | 1 6 |  6.0
Armour         | |  0.7
Dodging        | |  2.4

Action                     |  1- 3 |  4- 6 |  7- 9 || total
---------------------------+-------+-------+-------++-------
  Melee: Dagger            |    79 |   130 |    50 ||   259
         Club              |     9 |       |       ||     9
         Punch             |     2 |     1 |     7 ||    10
         Short sword       |       |    85 |   405 ||   490
  Throw: Dart              |       |     5 |     5 ||    10
  Evoke: Wand              |     2 |     1 |     5 ||     8
    Use: Scroll            |       |     4 |       ||     4
         Potion            |       |       |     7 ||     7
   Stab: Sleeping          |    12 |    31 |    12 ||    55
         Paralysed         |       |       |     7 ||     7
         Distracted        |       |       |     1 ||     1
 Armour: Leather armour    |    18 |     6 |       ||    24
         Ring mail         |       |    43 |    76 ||   119
  Dodge: Dodged            |    57 |   115 |   206 ||   378

Levels and vault maps discovered:
D:1:      ncdulo_smallfort, layout_basic
D:2:      minmay_general_purpose_star, layout_loops_cross, minmay_tromino_v2,
          uniq_terence, uniq_jessica
D:3:      layout_loops_cross, gammafunk_ghost_necromancy
D:4:      layout_rooms, grunt_ministairs_3
D:5:      layout_loops_ring, minmay_temple_entry_offerings, uniq_pikel,
          uniq_edmund
D:6:      layout_rooms
D:7:      layout_layer_cave, uniq_duvessa
D:8:      layout_cave_pools, kennysheep_generic_room_11, uniq_maurice
Temple:   nicolae_temple_bog_church

Notes
Turn   | Place    | Note
-------+----------+-------------------------------------------
     0 | D:1      | Jackthecabe the Kobold Artificer began the quest for the
                  | Orb.
     0 | D:1      | Reached XP level 1. HP: 12/12 MP: 1/1
   173 | D:1      | Reached skill level 2 in Stealth
   173 | D:1      | Reached XP level 2. HP: 17/17 MP: 2/2
   438 | D:1      | Reached skill level 2 in Fighting
   438 | D:1      | Reached skill level 3 in Stealth
   438 | D:1      | Reached XP level 3. HP: 7/21 MP: 3/3
  1057 | D:2      | Noticed Jessica
  1061 | D:2      | Killed Jessica
  1062 | D:2      | Reached skill level 3 in Fighting
  1062 | D:2      | Reached skill level 4 in Stealth
  1062 | D:2      | Reached XP level 4. HP: 28/28 MP: 4/4
  1445 | D:2      | Noticed Terence
  1601 | D:2      | Reached skill level 1 in Short Blades
  2321 | D:3      | Reached XP level 5. HP: 28/32 MP: 5/5
  2651 | D:3      | Reached skill level 2 in Short Blades
  2851 | D:3      | Found a runed translucent gate.
  2851 | D:3      | Found a runed translucent gate.
  2851 | D:3      | Found a runed translucent gate.
  3134 | D:4      | Reached skill level 4 in Fighting
  3404 | D:4      | Reached skill level 3 in Short Blades
  3404 | D:4      | Reached XP level 6. HP: 36/39 MP: 6/6
  3618 | D:5      | Entered Level 5 of the Dungeon
  3897 | D:5      | Reached skill level 4 in Short Blades
  3937 | D:5      | Noticed Edmund
  4010 | D:5      | Reached skill level 5 in Fighting
  4119 | D:5      | Noticed a black bear
  4276 | D:5      | Reached XP level 7. HP: 44/44 MP: 7/7
  4314 | D:4      | Reached skill level 5 in Stealth
  4443 | D:5      | Found a staircase to the Ecumenical Temple.
  4454 | Temple   | Entered the Ecumenical Temple
  4692 | Temple   | Became a worshipper of Uskayaw the Reveller
  4853 | D:5      | Reached * piety under Uskayaw
  4854 | D:5      | Noticed Pikel
  4860 | D:5      | Reached ** piety under Uskayaw
  4866 | D:5      | Reached *** piety under Uskayaw
  5153 | D:5      | Reached skill level 5 in Short Blades
  5224 | D:5      | Reached **** piety under Uskayaw
  5788 | D:6      | Reached skill level 6 in Fighting
  5788 | D:6      | Reached skill level 6 in Stealth
  5788 | D:6      | Reached XP level 8. HP: 51/51 MP: 8/8
  5800 | D:6      | Reached skill level 6 in Short Blades
  5800 | D:6      | Reached skill level 4 in Evocations
  6034 | D:6      | Identified the +0 dagger of Kyeweoch {pain, *Corrode rC+
                  | rN+ Dex+3}
  6274 | D:6      | Reached skill level 5 in Evocations
  6698 | D:7      | Reached skill level 6 in Evocations
  6879 | D:7      | Noticed Duvessa
  7052 | D:7      | Noticed Dowan
  7115 | D:7      | Reached skill level 7 in Fighting
  7623 | D:7      | Identified the +1 robe "Metzaok" {Harm Int-3 Dex+3}
  7949 | D:6      | HP: 4/53 [gnoll sergeant/+0 antimagic trident (9)]
  7951 | D:6      | Gained mutation: You are dopey. (Int -2) [potion of
                  | mutation]
  7951 | D:6      | Gained mutation: You have a somewhat thin skeletal
                  | structure. (Dex +2, Stealth+) [potion of mutation]
  7951 | D:6      | Gained mutation: You are agile. (Dex +4, Str/Int -1)
                  | [potion of mutation]
  7969 | D:6      | HP: 4/53 [gnoll sergeant/+0 antimagic trident (8)]
  7989 | D:6      | HP: 4/53 [gnoll sergeant/+0 antimagic trident (6)]
  7994 | D:6      | HP: 2/53 [gnoll sergeant/+0 antimagic trident (10)]
  8429 | D:8      | Reached skill level 8 in Fighting
  8429 | D:8      | Reached skill level 1 in Invocations
  8429 | D:8      | Reached XP level 9. HP: 53/59 MP: 9/9
  8594 | D:7      | Reached skill level 2 in Invocations
  8901 | D:8      | Noticed Maurice
  8912 | D:8      | Reached skill level 3 in Invocations
  8923 | D:8      | Killed Maurice
  8923 | D:8      | Reached ***** piety under Uskayaw
  8924 | D:8      | Reached skill level 6 in Invocations
  9256 | D:8      | Slain by a sleepcap

Vanquished Creatures
  Maurice (D:8)
  A water moccasin (D:7)
  2 orc warriors
  2 black bears
  A centaur (D:8)
  2 lemures (D:5)
  2 phantoms
  A kobold brigand (D:8)
  2 bullfrogs
  A gnoll sergeant (D:6)
  A scorpion (D:6)
  5 hounds
  An orc priest (D:5)
  A gnoll bouda (D:6)
  Jessica (D:2)
  An orc wizard (D:5)
  3 sleepcaps
  3 iguanas
  7 adders
  9 gnolls
  An ufetubus (D:4)
  2 worms
  4 dart slugs
  20 orcs
  7 ball pythons
  5 bats
  8 endoplasms
  5 giant cockroaches
  7 goblins
  8 hobgoblins
  2 jackals (D:2)
  16 kobolds
  4 quokkas
  4 frilled lizards
  5 rats
145 creatures vanquished.

Table legend: (Time is in decaauts)
 A = Elapsed time spent in this place.
 B = Non-inter-level travel time spent in this place.
 C = Inter-level travel time spent in this place.
 D = Time resting spent in this place.
 E = Time spent auto-exploring this place.
 F = Levels seen in this place.
 G = Mean time per level.
                   A        B        C        D        E       F      G
               +--------+--------+--------+--------+--------+-----+--------+
         Total |   9139 |   8844 |    295 |   1953 |   5065 |   9 | 1015.4 |
       Dungeon |   8879 |   8594 |    285 |   1953 |   4832 |   8 | 1109.9 |
        Temple |    260 |    250 |     10 |      0 |    233 |   1 |  260.0 |
               +--------+--------+--------+--------+--------+-----+--------+

Top non-repeatable levels by time:
     D:5: 1781 daAuts
     D:7: 1762 daAuts
     D:6: 1258 daAuts
     D:2: 1082 daAuts
     D:1: 1030 daAuts
     D:3: 949 daAuts
     D:4: 594 daAuts
     D:8: 419 daAuts
  Temple: 260 daAuts

Table legend:
 A = Non-vault XP
 B = Vault XP
 C = Vault XP percentage of total XP
 D = Non-vault monster count
 E = Vault monster count
 F = Vault count percentage of total count
                 A         B        C        D         E       F
            +---------+---------+-------+---------+---------+-------
      Total |    2409 |     489 |  16.9 |     134 |       9 |   6.3
            +---------+---------+-------+---------+---------+-------
        D:1 |      53 |       0 |   0.0 |      22 |       0 |   0.0
        D:2 |      32 |      47 |  59.5 |      16 |       6 |  27.3
        D:3 |      72 |       0 |   0.0 |      24 |       0 |   0.0
        D:4 |     199 |       6 |   2.9 |      12 |       2 |  14.3
        D:5 |     528 |       0 |   0.0 |      15 |       0 |   0.0
        D:6 |     512 |       0 |   0.0 |      14 |       0 |   0.0
        D:7 |     650 |       0 |   0.0 |      18 |       0 |   0.0
        D:8 |     363 |     436 |  54.6 |      13 |       1 |   7.1
            +---------+---------+-------+---------+---------+-------
